 Dungeon Crawl Stone Soup version 0.29.0-13-gc9e81de378 (webtiles) character file.

Game seed: 5517100180011555761

354 gelatine the Chopper (level 6, -14/53 HPs)
             Began as a Minotaur Fighter on Sept 8, 2022.
             Was a Follower of Makhleb.
             Demolished by an ogre
             ... wielding a +0 giant club
              (19 damage)
             ... on level 5 of the Dungeon.
             The game lasted 00:06:40 (3745 turns).

gelatine the Chopper (Minotaur Fighter)             Turns: 3745, Time: 00:06:42

Health: -14/53     AC: 12    Str: 20    XL:     6   Next: 35%
Magic:  6/6        EV:  8    Int:  5    God:    Makhleb [*.....]
Gold:   171        SH:  5    Dex: 12    Spells: 5/5 levels left

rFire   . . .      SeeInvis +   a - +0 war axe
rCold   . . .      Faith    .   c - +0 buckler
rNeg    . . .      Spirit   .   v - +0 chain mail
rPois   .          Reflect  .   (helmet restricted)
rElec   .          Harm     .   (no cloak)
rCorr   .          Rampage  .   w - +0 pair of gloves
Will    .....                   l - +0 pair of boots
Stlth   ..........              (no amulet)
HPRegen 0.17/turn               i - ring of see invisible
MPRegen 0.10/turn               (no ring)

@: weakened
A: horns 2, retaliatory headbutt
a: Renounce Religion


You were on level 5 of the Dungeon.
You worshipped Makhleb.
Makhleb was aware of your devotion.
You visited 1 branch of the dungeon, and saw 5 of its levels.

You collected 171 gold pieces.

Inventory:

Hand Weapons
 a - a +0 war axe (weapon)
Armour
 b - a +0 scale mail
 c - a +0 buckler (worn)
 l - a +0 pair of boots (worn)
 v - a +0 chain mail (worn)
 w - a +0 pair of gloves (worn)
Jewellery
 i - a ring of see invisible (left hand)
 t - a ring of magical power
Scrolls
 e - a scroll of identify {unknown}
 g - 2 scrolls of butterflies {unknown}
 h - 2 scrolls of noise {unknown}
 j - 2 scrolls of teleportation {unknown}
 n - a scroll of blinking {unknown}
 q - a scroll of brand weapon {unknown}
 r - a scroll of immolation {unknown}
Potions
 d - 5 potions of might
 f - 2 potions of berserk rage {unknown}
 k - 2 potions of attraction {unknown}
 m - 2 potions of degeneration {unknown}
 o - 3 potions of resistance {unknown}
 p - a potion of curing
 s - a potion of experience {unknown}
 u - a potion of invisibility {unknown}


   Skills:
 * Level 4.5 Fighting
 * Level 5.1 Axes
 * Level 5.0 Armour
 * Level 1.8 Dodging
 + Level 0.5 Stealth
 * Level 4.4 Shields
 * Level 1.7 Invocations


You had 5 spell levels left.
You didn't know any spells.
Your spell library contained the following spells:

 Spells                   Type           Power      Damage    Failure   Level
 Magic Dart               Conj           0%         1d3       100%        1
 Poisonous Vapours        Pois/Air       0%         N/A       100%        2
 Searing Ray              Conj           0%         2d4       100%        2
 Corpse Rot               Necr/Pois/Air  0%         N/A       100%        4
 Fulminant Prism          Conj/Hex       0%         3d6       100%        4


Dungeon Overview and Level Annotations

Branches:
Dungeon (5/15)
 Temple: D:4-7

Altars:
Makhleb
Nemelex Xobeh
Qazlal

Shops:
D:1 *


Innate Abilities, Weirdness & Mutations

You have a pair of horns on your head.
You reflexively headbutt those who attack you in melee.


Message History

You hit the jackal but do no damage. The jackal barely misses you.
You furiously retaliate!
You headbutt the jackal!
You kill the jackal!
Makhleb accepts your kill.
You feel better.
The gnoll bouda barks out a call to the hunt!
The gnoll picks up the pace!
You block the gnoll's attack.
The jackal bites you but does no damage.
The gnoll bouda gazes fiercely through you!
You feel your attacks grow feeble. You block the ogre's attack.
You slash the ogre! You headbutt the ogre.
The ogre is heavily wounded.
You hit the jackal.
You kill the jackal!
Makhleb accepts your kill.
You feel better.
You barely miss the gnoll bouda.
The gnoll hits you from afar with a +0 halberd.
The scorpion stings you but does no damage.
You block the gnoll's attack.
The gnoll bouda gazes fiercely through you!
You feel as though you will be weak longer.
The gnoll barely misses you.
You completely miss the ogre.
The ogre is heavily wounded.
You hit the gnoll bouda. You hit the scorpion.
The ogre hits you with a +0 giant club!
* * * LOW HITPOINT WARNING * * *
The scorpion stings you but does no damage.
The gnoll barely misses you.
The gnoll bouda hits you but does no damage.
The gnoll hits you but does no damage. The scorpion stings you.
* * * LOW HITPOINT WARNING * * *
The gnoll hits you from afar with a +0 halberd.
* * * LOW HITPOINT WARNING * * *
You block the gnoll bouda's attack.
The ogre hits you with a +0 giant club!!
You die...

#.........
#............
#............
#....|......>
#............
#..g.........
#g........$..
#@O........##
#†sg.........
####.#.....§.
#....§~...
##...§_.~.
#..~§§..
..§~§..
?......
##.....


You could see an ogre, a gnoll bouda, a scorpion and 2 gnolls.

Vanquished Creatures
  A jelly (D:4)
  A hound (D:4)
  An orc wizard (D:3)
  Natasha (thrice) (D:3)
  7 gnolls
  2 adders
  3 worms
  A dart slug (D:1)
  4 orcs (D:3)
  6 endoplasms
  3 giant cockroaches
  8 goblins
  14 hobgoblins
  11 jackals
  4 quokkas
  7 ball pythons
  5 bats
  5 frilled lizards
  5 kobolds
  7 rats
98 creatures vanquished.

Notes
Turn   | Place    | Note
-------+----------+-------------------------------------------
     0 | D:1      | gelatine the Minotaur Fighter began the quest for the Orb.
     0 | D:1      | Reached XP level 1. HP: 19/19 MP: 0/0
   192 | D:1      | Reached XP level 2. HP: 14/27 MP: 1/1
   605 | D:1      | Reached XP level 3. HP: 33/33 MP: 2/2
   899 | D:1      | Found Hugal's General Store.
  1382 | D:2      | Found a burning altar of Makhleb.
  1436 | D:2      | Became a worshipper of Makhleb the Destroyer
  1521 | D:2      | Reached XP level 4. HP: 38/40 MP: 3/3
  1780 | D:3      | Noticed Natasha
  1788 | D:3      | Killed Natasha
  1789 | D:3      | Reached skill level 1 in Dodging
  2141 | D:3      | Noticed Natasha
  2146 | D:3      | Killed Natasha
  2147 | D:3      | Reached XP level 5. HP: 40/46 MP: 4/4
  2251 | D:3      | Reached * piety under Makhleb
  2460 | D:3      | Found a faded altar of an unknown god.
  2571 | D:3      | Noticed Natasha
  2582 | D:3      | Killed Natasha
  2583 | D:3      | Reached skill level 1 in Invocations
  2837 | D:4      | Reached skill level 5 in Axes
  2837 | D:4      | Reached XP level 6. HP: 51/53 MP: 5/5
  2924 | D:4      | Found a sparkling altar of Nemelex Xobeh.
  3492 | D:5      | Entered Level 5 of the Dungeon
  3492 | D:5      | Noticed an ice beast
  3492 | D:5      | Noticed an ice beast
  3567 | D:5      | Found a stormy altar of Qazlal.
  3583 | D:4      | Reached skill level 5 in Armour
  3745 | D:5      | Demolished by an ogre

Illustrated notes

Levels and vault maps discovered:
D:1:      onia_arrival_pyramid, layout_basic, serial_shops, shop
D:2:      layout_basic, basic_altar, serial_curves, eino_curves_01,
          eino_curves_01
D:3:      layout_loops_ring, shapermc_ecumenical_altar_hornbeckon,
          minmay_misc_feat_cross, uniq_natasha
D:4:      layout_basic, nemelex_altar_shiori
D:5:      layout_rooms, nicolae_qazlal_scattered_showers, zin_angel

Skill      XL: |  1  2  3  4  5  6 |
---------------+-------------------+-----
Armour         | 4 5 |  5.0
Shields        | 4 |  4.4
Fighting       | 4 |  4.5
Axes           | 3 4 5 |  5.1
Dodging        | 1 |  1.8
Invocations    | 1 |  1.7
Stealth        | |  0.5

Action                   |  1- 3 |  4- 6 || total
-------------------------+-------+-------++-------
Melee: War axe           |    88 |   112 ||   200
       Headbutt          |    10 |    18 ||    28
Armor: Scale mail        |    40 |    37 ||    77
       Chain mail        |       |    26 ||    26
Dodge: Dodged            |    55 |    53 ||   108
Block: Buckler           |    25 |    39 ||    64
